cohdb
Replays
Latest Replays
All Replays
Popular Replays
Top Player Replays
Match Explorer
How It Works
Community
CoH3 Stats
Reddit
Sign in to upload your games and track your stats! →
Sign in with Steam
Match 41449118
Unlisted
Match 41449118
Overview
Messages
Build Orders
End
Kettenkrad Recon Vehicle
Construct Infanterie Kompanie
Grenadier Squad
Grenadier Squad
GrW 34 Mortar Team
Construct Luftwaffe Kompanie
Grenadier Squad
Flak 30 Anti-aircraft Gun Team
Jäger Squad
Support Elements
Infanterie Officer Quarters
Wirbelwind Flakpanzer
Construct Panzer Kompanie
Medical Bunker
Stoßtruppen Squad
Stoßtruppen Squad
Panzer Officer Quarters
Selects Breakthrough Battlegroup
Selects Rapid Production
Selects Blitzkrieg
Flak 30 Anti-aircraft Gun Team
Selects Tiger Heavy Tank
Tiger Heavy Tank
Stoßtruppen Squad
Grand.G
Phenotype
0
0
Comments
sign in to comment!
No comments posted yet!